 Dungeon Crawl Stone Soup version 0.28.0 (webtiles) character file.

Game seed: 14906094447271993176

4 pkoi the Gusty (level 1, 0/14 HPs)
             Began as a Draconian Air Elementalist on Feb 10, 2022.
             Slain by a jackal (1 damage)
             ... on level 1 of the Dungeon.
             The game lasted 00:00:15 (44 turns).

pkoi the Gusty (Draconian Air Elementalist)           Turns: 44, Time: 00:00:15

Health: 0/14       AC:  4    Str: 10    XL:     1   Next: 50%
Magic:  1/3        EV: 12    Int: 15    God:
Gold:   0          SH:  0    Dex: 11    Spells: 3/4 levels left

rFire   . . .      SeeInvis .   a - +0 dagger
rCold   . . .      Faith    .   (no shield)
rNeg    . . .      Spirit   .   (armour unavailable)
rPois   .          Reflect  .   (helmet restricted)
rElec   .          Harm     .   (no cloak)
rCorr   .          Rampage  .   (no gloves)
Will    .....                   (no boots)
Stlth   ++........              (no amulet)
HPRegen 0.04/turn               (no ring)
MPRegen 0.08/turn               (no ring)

@: no status effects
A: AC +4, unfitting armour, cold-blooded
a: no special abilities


You were on level 1 of the Dungeon.
You visited 1 branch of the dungeon, and saw 1 of its levels.

Inventory:

Hand Weapons
 a - a +0 dagger (weapon)


   Skills:
 - Level 1.7 Dodging
 - Level 1.7 Stealth
 - Level 2.0 Spellcasting
 - Level 1.0 Conjurations
 + Level 3.3 Air Magic


You had 3 spell levels left.
You knew the following spells:

 Your Spells              Type           Power      Damage    Failure   Level
a - Shock                 Conj/Air       28%        1d4       10%         1

Your spell library contained the following spells:

 Spells                   Type           Power      Damage    Failure   Level
 Static Discharge         Conj/Air       7%         N/A       14%         2
 Swiftness                Air            11%        N/A       17%         3
 Airstrike                Air            5%         N/A       50%         4


Dungeon Overview and Level Annotations

Branches:
Dungeon (1/15)

Altars:


Innate Abilities, Weirdness & Mutations

Your plain brown scales are hard. (AC +4)
You cannot fit into any form of body armour.
You are cold-blooded and may be slowed by cold attacks.


Message History

The jackal is severely wounded.
The jackal bites you but does no damage.
The rat barely misses you. The jackal closely misses you.
You hit the jackal.
You kill the jackal!
The rat completely misses you. The jackal closely misses you.
You completely miss the jackal. The rat closely misses you.
The jackal closely misses you.
You hit the jackal.
The jackal is moderately wounded.
The jackal misses you. The rat misses you.
You barely miss the jackal.
Your tail-slap misses the jackal.
The jackal is moderately wounded.
The jackal bites you.
* * * LOW HITPOINT WARNING * * *
The rat bites you but does no damage. The jackal closely misses you.
You hit the jackal.
The jackal is severely wounded.
The rat bites you.
* * * LOW HITPOINT WARNING * * *
The jackal closely misses you.
You hit the jackal but do no damage.
The jackal is severely wounded.
The jackal closely misses you. The rat barely misses you.
The jackal bites you but does no damage.
Unknown command.
Aiming: Shock (safe; 10% risk of failure)
Press: ? - help, Q - select action Shift-Dir - straight line, f - rat
Aim: a rat (68% to hit)
The zap hits the rat.
You kill the rat!
The jackal misses you.
A quokka comes into view.
Aiming: Shock (safe; 10% risk of failure)
Press: ? - help, Q - select action Shift-Dir - straight line, f - jackal
Aim: a jackal (severely wounded, 60% to hit)
The zap misses the jackal.
The zap hits the kobold.
The kobold is severely wounded.
The jackal bites you.
You die...

###... ..#. ......#
#... ....... ...#
..... ...# ....
...###.. .####..
......( #.#
......†#r...... #...
#@#.... .... #
##h##..# ..# . #.
#.Kg#..# ..##..
#..#...#..# #......
#........g###.......
....#.<.#........#
.....#...#.....#.....h
......###....#...#...#
...... #.............#


You could see a quokka, a jackal, a goblin and a kobold.

Vanquished Creatures
  2 jackals (D:1)
  A bat (D:1)
  A rat (D:1)
4 creatures vanquished.

Notes
Turn   | Place    | Note
-------+----------+-------------------------------------------
     0 | D:1      | pkoi the Draconian Air Elementalist began the quest for the
                  | Orb.
     0 | D:1      | Reached XP level 1. HP: 14/14 MP: 3/3
    44 | D:1      | Slain by a jackal

Illustrated notes

Levels and vault maps discovered:
D:1:      erik_arrival_blinker_ship, layout_rooms

Action                   || total
-------------------------++-------
Melee: Dagger            ||    20
       Tailslap          ||     3
 Cast: Shock             ||     2
Armor: Skin              ||    14
Dodge: Dodged            ||    44
